 Dungeon Crawl Stone Soup version 0.29.1-2-gbd0b4ee654 (webtiles) character file.

Game seed: 14141044566118676939

414 Godmorgon the Trooper (level 7, 0/55 HPs)
             Began as a Formicid Abyssal Knight on Oct 26, 2022.
             Was an Elder of Lugonu.
             Slain by a gnoll sergeant
             ... wielding a +2 spear of venom
              (3 damage)
             ... on level 4 of the Dungeon.
             The game lasted 00:19:25 (4704 turns).

Godmorgon the Trooper (Formicid Abyssal Knight)     Turns: 4704, Time: 00:19:26

Health: 0/55       AC: 13    Str: 19    XL:     7   Next: 14%
Magic:  9/9        EV:  6    Int: 10    God:    Lugonu [****..]
Gold:   32         SH:  0    Dex: 20    Spells: 6/6 levels left

rFire   . . .      SeeInvis +   b - +0 flail
rCold   . . .      Faith    .   (no shield)
rNeg    . . .      Spirit   .   s - +1 plate armour {rPois}
rPois   +          Reflect  .   (helmet unavailable)
rElec   .          Harm     .   o - +0 cloak
rCorr   .          Rampage  .   (no gloves)
Will    .....                   (no boots)
Stlth   ..........              (no amulet)
HPRegen 0.18/turn               r - +6 ring of dexterity
MPRegen 0.11/turn               (no ring)

@: lethally poisoned (0 -> -20)
A: permanent stasis, dig shafts and tunnels, antennae 3, four strong arms
a: Dig, Shaft Self, Renounce Religion, Depart the Abyss, Bend Space, Banish,
Corrupt


You were on level 4 of the Dungeon.
You worshipped Lugonu.
Lugonu was greatly pleased with you.
You visited 1 branch of the dungeon, and saw 4 of its levels.
You visited the Abyss 1 time.

You collected 170 gold pieces.
You spent 138 gold pieces at shops.

Inventory:

Hand Weapons
 a - a +1 vorpal hand axe
 b - a +0 flail (weapon)
Missiles
 d - 54 stones (quivered)
Armour
 o - a +0 cloak (worn)
 s - a +1 plate armour of poison resistance (worn)
Jewellery
 r - a +6 ring of dexterity (left hand)
Scrolls
 c - 2 scrolls of teleportation {unknown}
 e - a scroll of summoning
 g - a scroll of acquirement {unknown}
 h - 3 scrolls of butterflies
 j - a scroll of poison {unknown}
 p - a scroll of silence {unknown}
 q - a scroll of magic mapping {unknown}
 t - a scroll of enchant armour {unknown}
 u - a scroll of brand weapon {unknown}
Potions
 f - a potion of magic
 i - a potion of brilliance
 k - a potion of invisibility
 l - a potion of heal wounds
 m - a potion of might
 n - a potion of curing {unknown}


   Skills:
 + Level 4.4 Fighting
 * Level 4.3 Maces & Flails
 * Level 3.5 Throwing
 + Level 2.7 Armour
 - Level 0.8 Dodging
 + Level 3.9 Invocations


You had 6 spell levels left.
You didn't know any spells.
Your spell library was empty.

Dungeon Overview and Level Annotations

Branches:
Dungeon (4/15)
 Temple: D:4-7

Altars:
Ashenzari
Kikubaaqudgha
Nemelex Xobeh

Shops:
D:2 ?

Annotations:
D:3 2 transporters
D:4 1 transporter, Grinder; safid's ghost, amateur MiHu


Innate Abilities, Weirdness & Mutations

You cannot be hasted, slowed, berserked, paralysed or teleported.
You can dig through walls and to a lower floor.
You have a pair of large antennae on your head. (SInv)
Your four strong arms can wield two-handed weapons with a shield.


Message History

You start resting.
HP restored.
You climb downwards.
Level annotation: 1 transporter, Grinder; safid's ghost, amateur MiHu The gnoll hits you from afar with a +0 spear.
There is a stone staircase leading up, spattered with blood here.
Press: ? - help, v - describe, . - travel
Here: a gnoll, wielding a +0 spear The floor.
The gnoll hits you but does no damage.
You hit the gnoll.
The gnoll is moderately wounded.
The gnoll sergeant barely misses you. The gnoll hits you with a +0 spear.
You sock the gnoll!
You kill the gnoll!
Lugonu accepts your kill.
The gnoll sergeant hits you from afar with a +2 spear of venom.
There is a stone staircase leading up, spattered with blood here.
The gnoll sergeant hits you with a +2 spear of venom.
You barely miss the gnoll sergeant.
The gnoll sergeant hits you with a +2 spear of venom!
You are poisoned.
You hit the gnoll sergeant but do no damage.
You feel very sick.
The gnoll sergeant hits you with a +2 spear of venom.
You are more poisoned.
The gnoll sergeant hits you with a +2 spear of venom!
The gnoll sergeant attacks as you move away!
The gnoll sergeant hits you with a +2 spear of venom.
* * * LOW HITPOINT WARNING * * *
You are more poisoned.
* * * LOW HITPOINT WARNING * * *
You feel extremely sick.
The gnoll sergeant hits you from afar with a +2 spear of venom.
* * * LOW HITPOINT WARNING * * *
There is a stone staircase leading up, spattered with blood here.
* * * LOW HITPOINT WARNING * * *
You feel very sick.
The gnoll sergeant hits you from afar with a +2 spear of venom.
You die...

#. #.#...{.#........#
#. #....{...#..####.##
#.##.#{#######........
#...........#..#.##.##
#..#...g...#.)......#
#..###...........####
#..# ##....#####.#
#..####g)#######.#
#..##@#..#.......#
#..##.#..##.######
#...g)#.....#
##.......####
#.####### #.# #.# ###


You could see a gnoll sergeant.

Vanquished Creatures
  Blork the orc (D:4)
  A scorpion (D:4)
  2 hounds
  An iguana (D:4)
  An orc wizard (D:3)
  7 gnolls
  3 adders
  2 worms
  2 dart slugs
  9 orcs
  8 endoplasms
  3 giant cockroaches
  4 goblins
  2 hobgoblins
  11 jackals
  5 quokkas
  A ball python (D:3)
  A bat (D:3)
  6 frilled lizards
  7 kobolds
  3 rats
80 creatures vanquished.

Notes
Turn   | Place    | Note
-------+----------+-------------------------------------------
     0 | Abyss:1  | Godmorgon the Formicid Abyssal Knight began the quest for
                  | the Orb.
     0 | Abyss:1  | Reached XP level 1. HP: 18/18 MP: 2/2
     1 | D:1      | Escaped the Abyss
     1 | D:1      | You fall into a shaft and drop 1 floor!
   638 | D:1      | Found a faded altar of an unknown god.
   710 | D:1      | Reached XP level 2. HP: 24/24 MP: 3/3
   906 | D:1      | Reached skill level 1 in Throwing
   913 | D:1      | Reached XP level 3. HP: 20/29 MP: 4/4
  1368 | D:2      | Reached *** piety under Lugonu
  1473 | D:2      | Reached XP level 4. HP: 34/37 MP: 6/6
  1510 | D:2      | Found Huzaijus's Magic Scroll Emporium.
  1516 | D:2      | Bought a scroll of identify for 24 gold pieces
  2284 | D:3      | Reached XP level 5. HP: 38/42 MP: 7/7
  2637 | D:3      | Found a transporter.
  2653 | D:3      | Found a transporter.
  2688 | D:3      | Found an ancient bone altar of Kikubaaqudgha.
  2871 | D:3      | Found a broken altar of Ashenzari.
  3390 | D:3      | Found a sparkling altar of Nemelex Xobeh.
  3455 | D:2      | Bought a scroll of summoning for 114 gold pieces
  3481 | D:3      | Reached XP level 6. HP: 26/48 MP: 8/8
  3888 | D:4      | Noticed Grinder
  3952 | D:4      | Noticed Blork the orc
  3968 | D:4      | Killed Blork the orc
  4249 | D:4      | Noticed safid's ghost (amateur MiHu)
  4260 | D:4      | Found a transporter.
  4287 | D:4      | Reached **** piety under Lugonu
  4415 | D:4      | Reached XP level 7. HP: 55/55 MP: 9/9
  4704 | D:4      | Slain by a gnoll sergeant

Illustrated notes

Levels and vault maps discovered:
D:1:      amcnicky_arrival_single_pillar, layout_rooms,
          dreamdust_ecumenical_altar_grove
D:2:      layout_basic, serial_shops, shop
D:3:      gammafunk_steamed_eel, layout_basic, kiku_gazebo_pond_becter,
          nemelex_diamond_rough_becter, evilmike_ruin_ashenzari,
          minmay_misc_feat_hallway, lightli_corner_chamber
D:4:      layout_basic, amcnicky_altar_gilded, gammafunk_ghost_stat_death,
          serial_shops, nicolae_shop_advertising_works
          [nicolae_subvault_shop_adworks], interstate_on_off,
          minmay_misc_feat_plants, uniq_duvessa, uniq_blork_the_orc,
          uniq_grinder

Skill      XL: |  1  2  3  4  5  6 |
---------------+-------------------+-----
Throwing       | 1 2 3 |  3.5
Maces & Flails | 3 4 |  4.3
Invocations    | 3 |  3.9
Fighting       | 4 |  4.4
Armour         | |  2.7
Dodging        | |  0.8

Action                   |  1- 3 |  4- 6 |  7- 9 || total
-------------------------+-------+-------+-------++-------
Melee: Mace              |    80 |       |       ||    80
       Hand axe          |     9 |    59 |       ||    68
       Flail             |       |    79 |    13 ||    92
Throw: Stone             |    21 |       |       ||    21
  Use: Scroll            |       |     5 |       ||     5
Armor: Ring mail         |    36 |    19 |       ||    55
       Chain mail        |       |    14 |       ||    14
       Plate armour      |       |    24 |    10 ||    34
Dodge: Dodged            |    49 |    66 |     4 ||   119
